 Dungeon Crawl Stone Soup version 0.19-a0-1905-ge8b2aad (webtiles) character file.

496062 MackTheKnife the Slayer (level 23, -20/243 (244) HPs)
             Began as a Demonspawn Abyssal Knight on Oct 21, 2016.
             Was the Champion of Lugonu.
             Killed from afar by a purple draconian (26 damage)
             ... with a bolt of dispelling energy
             ... on level 4 of the Realm of Zot.
             The game lasted 02:09:41 (45386 turns).

MackTheKnife the Slayer (DsAK)                     Turns: 45386, Time: 02:09:42

HP:   -20/243 (244) AC: 29    Str: 15 (16) XL:     23   Next: 67%
MP:   0/35          EV: 28    Int: 17 (19) God:    Lugonu [******]
Gold: 2070          SH: 20    Dex: 27      Spells: 4 memorised, 27 levels left

rFire  + + +     SeeInvis +     E - +5 eveningstar (distort)
rCold  + . .     Gourm    .     b - +6 faerie dragon scales {+Inv rElec Int+4}
rNeg   + . .     Faith    .     t - +5 shield {AC+3}
rPois  +         Spirit   +     w - +0 mask of the Dragon {MR+ Slay+3 SInv}
rElec  +         Reflect  .     V - +2 cloak {MR+}
rCorr  +         Harm     .     G - +0 pair of gloves
MR     +++..                    (boots unavailable)
Stlth  +.........               U - amulet of guardian spirit {Spirit}
                                a - ring of Koavenla {rCorr rN+ Dex-4 Slay+5}
                                r - ring of Nuheski {rPois rF+ Dex+8}

@: agile, resistant (expiring)
A: hooves 3, iridescent scales 3, blurry vision 1, fire resistance 1, ignite
blood, powered by death 3, robust 2, screaming 1, flame cloud immunity
a: Depart the Abyss, Bend Space, Banish, Corrupt, Enter the Abyss, Renounce
Religion, Evoke Invisibility
0: Orb of Zot
}: 3/15 runes: decaying, silver, gossamer


You were on level 4 of the Realm of Zot.
You worshipped Lugonu.
Lugonu was exalted by your worship.
You were not hungry.

You visited 9 branches of the dungeon, and saw 47 of its levels.
You visited the Abyss 1 time.
You also visited: Labyrinth, Ice Cave, Volcano and Desolation.

You collected 4204 gold pieces.
You spent 2134 gold pieces at shops.

Inventory:

Hand Weapons
 E - a +5 eveningstar of distortion (weapon)
   (You found it on level 6 of the Lair of Beasts)
Armour
 b - the +6 faerie dragon scales (worn) {+Inv rElec Int+4}
   (You took it off the Enchantress on level 3 of the Depths)

   It affects your intelligence (+4).
   It insulates you from electricity.
   It lets you turn invisible.
 t - a +5 shield of protection (worn)
   (You bought it in a shop on level 2 of the Vaults)
 w - the +0 mask of the Dragon (worn) {MR+ Slay+3 SInv}
   (You bought it in a shop on level 2 of the Vaults)

   It affects your accuracy and damage with ranged weapons and melee attacks
   (+3).
   It affects your resistance to hostile enchantments.
   It lets you see invisible.
 B - a +1 buckler of fire resistance
   (You took it off the Enchantress on level 3 of the Depths)
 G - a +0 pair of gloves (worn)
   (You found it on level 10 of the Dungeon)
 V - a +2 cloak of magic resistance (worn)
   (You found it on level 4 of the Vaults)
Jewellery
 a - the ring of Koavenla (right hand) {rCorr rN+ Dex-4 Slay+5}
   (You found it in the Desolation of Salt)

   [ring of resist corrosion]

   It affects your dexterity (-4).
   It affects your accuracy and damage with ranged weapons and melee attacks
   (+5).
   It protects you from negative energy.
 h - an uncursed amulet of regeneration {+regen, !d}
   (You found it on level 2 of the Dungeon)
 m - the ring of Robustness {AC+8}
   (You found it on level 5 of the Vaults)

   [ring of protection]

   It affects your AC (+8).
 r - the ring of Nuheski (left hand) {rPois rF+ Dex+8}
   (You found it in the Desolation of Salt)

   [ring of poison resistance]

   It affects your dexterity (+8).
   It protects you from fire.
   It protects you from poison.
 N - the ring "Ecadix" {rC+ MR+}
   (You found it on level 1 of the Lair of Beasts)

   [ring of protection from cold]

   It protects you from cold.
   It affects your resistance to hostile enchantments.
 U - an amulet of guardian spirit (around neck) {Spirit}
   (You found it on level 3 of the Vaults)
Wands
 e - a wand of heal wounds (0/9)
   (You found it on level 13 of the Dungeon)
 i - a wand of teleportation (2/9)
   (You took it off an orc knight on level 1 of the Vaults)
 l - a wand of teleportation (5/9)
   (You took it off Bai Suzhen on level 4 of the Vaults)
 p - a wand of disintegration (0/24)
   (You found it on level 4 of the Lair of Beasts)
 x - a wand of disintegration (0/24)
   (You found it on level 6 of the Dungeon)
 C - a wand of digging (5/24)
   (You found it on level 4 of the Lair of Beasts)
Scrolls
 g - 9 scrolls of remove curse
 v - 2 scrolls of fear
 y - 5 scrolls of identify
 z - 8 scrolls of blinking {!r}
 I - a scroll of teleportation
 J - 2 scrolls of holy word {!r!r}
 O - 3 scrolls of fog
 R - 3 scrolls of enchant armour
Potions
 f - 2 potions of curing
 j - 4 potions of resistance
 k - 5 potions of invisibility
 s - 3 potions of flight
 A - a potion of haste
 H - a potion of berserk rage {!q}
 M - 5 potions of lignification {!q}
 P - 3 potions of agility
 S - a potion of cure mutation {!q}
 W - a potion of cancellation
Books
 F - a book of Necromancy
   (You found it on level 3 of the Vaults)
Miscellaneous
 o - a lamp of fire (inert)
   (You found it in a labyrinth)
 X - a phial of floods (inert)
   (You found it on level 4 of the Vaults)
Comestibles
 d - 16 meat rations {@e2}
 D - 12 slices of pizza
 K - 11 fruits
 T - 14 royal jellies


   Skills:
 + Level 22.3 Fighting
 - Level 16.0 Maces & Flails
 - Level 11.4 Armour
 - Level 11.3 Dodging
 - Level 15.3 Shields
 - Level 7.8 Spellcasting
 - Level 9.0 Hexes
 - Level 7.9 Charms
 - Level 8.5 Necromancy
 - Level 3.7 Air Magic
 - Level 16.5 Invocations


You had 27 spell levels left.
You knew the following spells:

 Your Spells              Type           Power        Failure   Level  Hunger
b - Blink                 Tloc           N/A          24%         2    None
d - Repel Missiles        Chrm/Air       ####..       1%          2    None
r - Regeneration          Chrm/Necr      ####......   1%          3    #......
z - Spectral Weapon       Hex/Chrm       #####...     1%          3    #......


Dungeon Overview and Level Annotations

Branches:
Dungeon (15/15)            Temple (1/1) D:7            Lair (6/6) D:8
  Swamp (4/4) Lair:2       Spider (4/4) Lair:3        Slime (0/5) Lair:5
    Orc (2/2) D:11            Elf (0/3) Orc:2        Vaults (5/5) D:13
  Crypt (0/3) Vaults:2     Depths (5/5) D:15            Zot (5/5) Depths:5

Altars:
Ashenzari
Cheibriados
Dithmenos
Elyvilon
Fedhas
Gozag
Hepliaklqana
Kikubaaqudgha
Makhleb
Nemelex Xobeh
Okawaru
Qazlal
Ru
Sif Muna
Trog
Uskayaw
Vehumet
Xom
Yredelemnul
Zin
The Shining One
Beogh

Shops:
D:7 [   D:8 (*   Orc:2 =*}[   Vaults:2 [}   Vaults:3 %

Portals:
Hell: Depths:1 Depths:3 Depths:4
Abyss: Depths:1
Pandemonium: Depths:3 Depths:5

Annotations:
D:2 Sigmund
D:5 Zigma's ghost, amateur DrMo
Lair:4 exclusion: 3 oklob plants
Swamp:1 Nikola
Swamp:2 1 runed door
Spider:3 exclusion: Roxanne, Roxanne
Spider:4 corrupted
Vaults:5 corrupted
Depths:3 Jory
Zot:5 corrupted
Abyss:1 Bai Suzhen; Josephine; Maurice; Prince Ribbit


Innate Abilities, Weirdness & Mutations

You have hooves in place of feet.
You are completely covered in iridescent scales. (AC +6)
Your flesh is heat resistant. (rF+)
Your demonic aura causes spilled blood to erupt in flames.
You regenerate a lot of health from kills.
You are very robust. (+20% HP)
You are immune to clouds of flame.
Scrolls take you a little longer to read.
You occasionally shout uncontrollably at your foes.


Message History

The hell rat disappears in a puff of smoke!
Xewkuomm is engulfed in roaring flames.
The storm dragon breathes lightning at you.
The bolt of lightning misses you.
Unknown command.
Unknown command.
You hear a loud "Zot"!
You block the redback's attack.
Unknown command.
Xewkuomm gestures at you. The crystal spear hits you!
* * * LOW HITPOINT WARNING * * *
You block the redback's attack. Xewkuomm gestures at you.
The crystal spear misses you. The redback completely misses you.
You take 60 damage, and have 60/243 hp.
MASSIVE DAMAGE!!
You now have 4/35 mp.
Xewkuomm is engulfed in roaring flames.
The storm dragon breathes lightning at you.
The bolt of lightning misses you.
Unknown command.
Xewkuomm is engulfed in roaring flames.
Xewkuomm hits you.
* * * LOW HITPOINT WARNING * * *
The redback is engulfed in roaring flames.
You take 2 damage, and have 59/243 hp.
Unknown command.
Your surroundings suddenly seem different.
Unknown command.
Doitz comes into view.
Doitz shouts, "Scamper home, thou gorbellied wibble-sucking prigger-of-prances!"
You hear an iron grate slam shut!
A moth of wrath and an Orb Guardian come into view.
The moth of wrath's fur bristles in rage as it notices you.
Found a stone staircase leading up.
A red devil comes into view. It is wielding a trident.
An Orb Guardian comes into view.
The Orb Guardian hits you!!
* * * LOW HITPOINT WARNING * * *
You take 21 damage, and have 41/243 hp.
You now have 4/35 mp.
As you read the scroll of teleportation, it crumbles to dust.
You feel strangely unstable.
You feel the Orb delaying your translocation!
The Orb Guardian hits you!
* * * LOW HITPOINT WARNING * * *
The Orb Guardian moves out of view.
You take 12 damage, and have 29/243 hp.
You now have 3/35 mp.
Unknown command.
You block the red devil's attack. You block the Orb Guardian's attack.
Unknown command.
You block the red devil's attack.
Unknown command.
You block the Orb Guardian's attack. The red devil misses you.
The Orb Guardian completely misses you.
You shout at the chaos spawn!
A chaos spawn comes into view.
Unknown command.
You hear a shout! x2; You hear a bleat!
You hear a screech!
Unknown command.
The moth of wrath goads the Orb Guardian on!
The Orb Guardian goes berserk!
You hear a distant "Zot"!
Unknown command.
Unknown command.
You block the Orb Guardian's attack.
You hear a distant "Zot"!
Doitz hits you but does no damage.
You writhe in agony.
* * * LOW HITPOINT WARNING * * *
The Tzitzimitl calls on the powers of darkness!
Your body is wracked with pain!
* * * LOW HITPOINT WARNING * * *
The Orb Guardian convulses! x2; The moth of wrath convulses!
Found a stone staircase leading up.
You take 12 damage, and have 20/243 hp.
You now have 4/35 mp.
Doitz hits you!
* * * LOW HITPOINT WARNING * * *
You writhe in agony.
* * * LOW HITPOINT WARNING * * *
The Orb Guardian hits you but does no damage.
You hear a distant "Zot"!
You block Doitz's attack.
The moth of wrath goads the Orb Guardian on!
The Orb Guardian goes berserk!
A small abomination comes into view.
You shout at the small abomination!
You take 15 damage, and have 5/243 hp.
You now have 1/35 mp.
Your surroundings suddenly seem different.
A purple draconian comes into view. It is wielding a mace.
The purple draconian roars!
A rust devil comes into view.
The rust devil screeches!
A neqoxec comes into view.
The neqoxec gestures at you.
Strange energies course through your body.
Your vision blurs.
A chaos spawn comes into view.
The purple draconian breathes dispelling energy at you.
The bolt of dispelling energy hits you!
Your magical effects are unravelling.
You die...

.,,,,,,*,,,,,,,,**,,,**,,,,,,,,,,
,,,,,,,,,,4........,,,**,,,,,,,,,
,,,,,,,,.,,.d...#.,,,,,*,,,,,**,,
##.?......,,......,,,,,,*,,,,**,,
#..........,#....,,,,,,,,,,,,,*,,
.......&....#....*,,,,,.,*,,,,*,,
.......,........##*,,...,,,,,,,,,
.#....,,.........##.....,,,,,,,,,
#....#*.....4...@..#,,,,,,,,,,,,,
.....#*.................,,,,,,,,,
....###.................,,,,,,,,,
........................**,,,,,,,
........3...............**,,,,,,,
....#..............#....**,,,,,,,
4........x..............**,,,,,,,
..............?.........,*,,,,*,,
...............,,,.*,,,,,,,,,*,,*


You could see a purple draconian, a rust devil, a chaos spawn and a small
abomination.

Vanquished Creatures
  Frederick (Depths:3)
  Margery (Vaults:2)
  A curse toe (Zot:5)
  A Killer Klown (Zot:5)
  5 golden dragons
  the Enchantress (Depths:3)
  An electric golem (Zot:5)
  A lich (Depths:3)
  3 tentacled monstrosities
  An Ice Fiend (IceCv)
  6 Orb Guardians (Zot:5)
  6 quicksilver dragons
  3 death cobs
  6 sphinxes
  A thorn hunter (Swamp:4)
  3 tengu reavers
  2 shadow dragons
  Donald (Vaults:4)
  5 storm dragons
  4 frost giants
  A draconian monk (Zot:2)
  3 fire giants
  2 draconian knights
  5 ghost moths
  A deep elf sorcerer (Vaults:3)
  10 vault wardens
  3 draconian scorchers
  4 draconian zealots
  An orc warlord (Orc:1)
  3 imperial myrmidons (Desolation)
  7 ironheart preservers
  3 draconian annihilators
  A ghoul (Vaults:4)
  A caustic shrike skeleton (Depths:3)
  8 very ugly things
  A draconian caller (Zot:2)
  3 spriggan defenders (Depths:3)
  11 stone giants
  An entropy weaver (Vaults:3)
  3 green draconians
  A deep elf demonologist (Vaults:3)
  3 yellow draconians
  2 red draconians
  4 purple draconians
  6 spark wasps (Depths:3)
  3 halazid warlocks (Desolation)
  A black draconian (Zot:5)
  3 white draconians
  4 mottled draconians
  A deep elf death mage (Depths:3)
  A crystal guardian (Desolation)
  4 great orbs of eyes
  A minotaur (shapeshifter) (Vaults:2)
  7 ettins
  11 yaktaur captains
  6 fire dragons
  12 ogre magi
  6 jiangshi
  A minotaur (Lab)
  6 vault guards
  A rakshasa (Depths:1)
  5 ice dragons
  A green death (Zot:4)
  8 ragged hierophants (Desolation)
  5 peacekeepers (Desolation)
  9 hydras
  2 ghost crabs (Swamp:3)
  A catoblepas (D:15)
  5 centaur warriors
  2 servants of whispers (Desolation)
  A death knight (Vaults:4)
  4 spriggan air magi
  An alligator (Swamp:1)
  2 deep troll shamans
  2 deep troll earth magi
  2 vampire magi
  An orc high priest (Orc:2)
  2 tengu warriors
  2 spriggan berserkers
  15 hell knights
  13 spriggans
  A skeletal warrior (Vaults:2)
  4 deep elf knights
  2 shadow wraiths
  A salamander mystic (Depths:1)
  2 iron trolls
  2 swamp dragons
  A spriggan druid (Swamp:3)
  2 unseen horrors
  An unseen horror (shapeshifter) (Vaults:4)
  11 hill giants
  17 deep trolls
  2 shambling mangroves
  A spectral hydra (Swamp:4)
  4 wizards
  6 deep elf archers
  4 harpies (Vaults:3)
  3 phantasmal warriors
  12 ironbrand convokers
  An orb spider (shapeshifter) (Vaults:2)
  10 orc knights
  28 ugly things
  11 necromancers
  7 orb spiders
  12 deep elf magi
  2 tengu skeletons (Vaults:4)
  A wolf spider zombie (D:14)
  A manticore (D:12)
  3 salamanders (Depths:1)
  28 wolf spiders
  A sphinx skeleton (Vaults:3)
  7 orc sorcerers
  6 elephants (Lair:6)
  4 cyclopes
  5 black mambas
  4 moths of wrath
  Joseph (Lair:1)
  A human skeleton (Vaults:3)
  A naga mage (D:15)
  4 guardian serpents (Desolation)
  A rust devil (Zot:4)
  14 vault sentinels
  2 molten gargoyles (Volcano)
  A gargoyle (D:15)
  A titan simulacrum (Depths:3)
  A stone giant skeleton (Vaults:3)
  A fire giant skeleton (Vaults:3)
  3 ice statues
  A torpor snail (Spider:1)
  12 spiny frogs
  A human zombie (Vaults:4)
  72 yaktaurs
  An elf zombie (Depths:3)
  4 demonic crawlers
  A guardian mummy (Depths:4)
  2 kobold demonologists
  9 komodo dragons
  2 swamp worm zombies (Swamp:4)
  2 rime drakes (Lair:6)
  A red devil (Zot:4)
  A harpy zombie (D:14)
  A tormentor (Zot:4)
  7 freezing wraiths
  13 ice devils
  4 tengu conjurers
  2 hydra zombies (Swamp:4)
  A tengu simulacrum (Vaults:3)
  10 meliai
  5 trolls
  19 two-headed ogres
  A jumping spider (shapeshifter) (Vaults:2)
  A queen bee (Spider:2)
  12 polar bears
  24 jumping spiders
  A two-headed ogre (shapeshifter) (Vaults:2)
  27 hornets
  27 slime creatures
  5 tyrant leeches
  2 raiju (Lair:6)
  2 dream sheep (shapeshifter)
  49 saltlings (Desolation)
  14 hippogriffs
  4 blink frogs (Lair:6)
  3 spectral swamp dragons (Swamp:4)
  9 bog bodies
  2 centaur simulacra (D:15)
  2 alligator zombies (Swamp:4)
  3 air elementals (Depths:4)
  30 tarantellas
  81 redbacks
  A shadow (Swamp:1)
  2 yaks (shapeshifter)
  2 spriggan zombies (Depths:1)
  A vampire (D:14)
  A water elemental (Depths:5)
  5 wraiths
  8 hogs
  35 yaks
  7 fire bats
  A hungry ghost (D:11)
  5 basilisks
  4 wyverns
  Grum (Lair:1)
  20 humans
  A neqoxec (Zot:4)
  22 vampire mosquitoes
  A chaos spawn (Zot:5)
  Eustachio (D:4)
  Menkaure (D:6)
  3 mottled dragons
  3 steam dragons
  8 wargs
  A human simulacrum (Vaults:2)
  12 swamp worms
  22 insubstantial wisps
  6 hell hounds (Lair:6)
  15 water moccasins
  Duvessa (D:7)
  5 porcupines
  A hornet zombie (D:15)
  8 swamp drakes
  47 orc warriors
  15 black bears
  2 swamp dragon zombies (Swamp:4)
  An elf simulacrum (Depths:3)
  An ice beast (D:6)
  6 phantoms (Swamp:4)
  3 sky beasts
  59 ogres
  3 boggarts (D:15)
  18 wolves
  A centaur (shapeshifter) (Depths:5)
  17 centaurs
  13 crocodiles
  5 big kobolds
  16 bullfrogs
  2 wyvern zombies
  3 gnoll sergeants
  7 scorpions
  Dowan (D:7)
  14 killer bees
  An electric eel (Lair:1)
  3 howler monkeys
  10 wights
  6 lava snakes (Volcano)
  8 crimson imps
  4 centaur zombies
  19 hounds
  2 quasits
  3 bullfrog skeletons
  5 bullfrog zombies
  10 jellies
  33 orc priests
  8 centaur skeletons
  10 iguanas
  43 orc wizards
  20 worker ants
  A hound skeleton (D:9)
  A worker ant zombie (D:8)
  11 gnolls
  3 howler monkey skeletons
  15 adders
  4 shadow imps
  9 white imps (IceCv)
  7 ufetubi (IceCv)
  3 oozes
  An adder zombie (D:8)
  2 adder skeletons
  5 worms
  3 dart slugs
  3 leopard geckos
  118 orcs
  9 giant cockroaches
  6 goblins
  7 hobgoblins
  12 jackals
  5 quokkas
  7 ball pythons
  7 bats
  4 frilled lizards
  A jackal zombie (D:8)
  20 kobolds
  A quokka skeleton (D:4)
  6 rats
  A butterfly (D:5)
  A fungus (Swamp:1)
  A pillar of salt (Vaults:3)
  A plant (Lair:3)
  A spectral weapon (Depths:3)
1899 creatures vanquished.

Vanquished Creatures (collateral kills)
  Rupert (D:12)
  Kirke (D:14)
  A sky beast (D:9)
3 creatures vanquished.

Vanquished Creatures (others)
  A golden dragon (Zot:5)
  2 tentacled monstrosities
  14 Orb Guardians (Zot:5)
  A quicksilver dragon (Vaults:5)
  A thorn hunter (Swamp:2)
  A sphinx (Depths:4)
  A draconian monk (Zot:3)
  2 vault wardens (Vaults:2)
  2 fire giants
  An emperor scorpion (Spider:1)
  An orc warlord (Orc:1)
  4 ghost moths (Spider:4)
  An ironheart preserver (Vaults:5)
  A very ugly thing (Depths:3)
  2 entropy weavers (Spider:1)
  2 stone giants (Vaults:4)
  A mottled draconian (Zot:2)
  A white draconian (Depths:5)
  The ghost of Naow the Cleaver, a journeyman MiBe of Trog (Lair:3)
  2 ettins
  2 spark wasps (Spider:4)
  The ghost of Duomerus the Cleaver, a journeyman MiFi of Okawaru (IceCv)
  The ghost of Naow the Nimble, a journeyman SpEn of Dithmenos (D:14)
  4 yaktaur captains
  A deep elf high priest (Vaults:5)
  The ghost of slumpy the Pacifist, a journeyman DDNe of Elyvilon (Lair:1)
  3 ragged hierophants (Desolation)
  7 vault guards
  A fire dragon (Lair:6)
  A servant of whispers (Desolation)
  3 great orbs of eyes
  2 hydras
  A peacekeeper (Desolation)
  A ghost crab (Swamp:4)
  3 ice dragons
  3 centaur warriors
  An alligator (Swamp:2)
  2 deep troll shamans
  An orc high priest (Orc:1)
  A spriggan (Swamp:1)
  A soul eater (Zot:5)
  A deep elf knight (Vaults:5)
  3 hell knights
  An unseen horror (D:15)
  2 spriggan druids (Swamp:4)
  A hill giant (D:10)
  A flayed ghost (Vaults:1)
  4 deep trolls
  2 deep elf archers (Vaults:3)
  A shambling mangrove (Swamp:4)
  4 orc knights
  12 wolf spiders
  2 ironbrand convokers
  8 orb spiders
  An orc sorcerer (Orc:2)
  4 ugly things
  2 cyclopes (Vaults:1)
  4 deep elf magi
  An ice statue (IceCv)
  5 moths of wrath
  A spiny frog (Lair:6)
  2 vault sentinels
  A demonic crawler (Spider:3)
  10 yaktaurs
  An ice devil (IceCv)
  14 jumping spiders
  3 trolls
  3 hornets
  A tyrant leech (Swamp:4)
  5 saltlings (Desolation)
  A two-headed ogre (Vaults:5)
  3 slime creatures
  An alligator zombie (Swamp:4)
  17 redbacks
  An ettin skeleton (Vaults:4)
  A snapping turtle (shapeshifter) (Vaults:2)
  A water elemental (Depths:1)
  9 tarantellas
  3 vampire mosquitoes
  A swamp worm (Swamp:3)
  A warg (Orc:2)
  3 insubstantial wisps (Swamp:4)
  7 orc warriors
  A spriggan simulacrum (Depths:1)
  3 ogres
  4 centaurs
  2 orc priests (Orc:2)
  2 ufetubi (IceCv)
  2 orcs
  2 frilled lizards (Lair:2)
  4 kobolds (D:12)
  17 fungi
  27 plants
  12 starspawn tentacles
  4 toadstools (D:1)
312 creatures vanquished.

Grand Total: 2214 creatures vanquished

Notes
Turn   | Place    | Note
-------+----------+-------------------------------------------
     0 | Abyss:1  | MackTheKnife the Demonspawn Abyssal Knight began the quest for the Orb.
     0 | Abyss:1  | Reached XP level 1. HP: 18/18 MP: 2/2
    24 | D:1      | Escaped the Abyss
    38 | D:1      | Reached skill level 2 in Maces & Flails
   419 | D:1      | Gained mutation: You are partially covered in iridescent scales. (AC +2) [demonic ancestry]
   419 | D:1      | Reached XP level 2. HP: 24/24 MP: 3/3
   515 | D:1      | Reached * piety under Lugonu
  1238 | D:1      | Reached skill level 3 in Maces & Flails
  1243 | D:2      | Noticed Sigmund
  1350 | D:2      | Found a stormy altar of Qazlal.
  1351 | D:2      | Found a glowing golden altar of the Shining One.
  1351 | D:2      | Found a shimmering altar of Xom.
  1362 | D:2      | Gained mutation: You are mostly covered in iridescent scales. (AC +4) [demonic ancestry]
  1362 | D:2      | Reached XP level 3. HP: 29/29 MP: 4/4
  1366 | D:2      | Found a sacrificial altar of Ru.
  1406 | D:2      | Found a shattered altar of Ashenzari.
  1576 | D:2      | Found a white marble altar of Elyvilon.
  1743 | D:3      | Found a radiant altar of Vehumet.
  1866 | D:3      | Gained mutation: You regenerate a little health from kills. [demonic ancestry]
  1866 | D:3      | Reached XP level 4. HP: 34/35 MP: 5/5
  1883 | D:3      | Reached skill level 4 in Maces & Flails
  1900 | D:3      | HP: 6/35 [orc wizard/dagger (4)]
  1901 | D:3      | HP: 1/35 [orc/hand axe (5)]
  1904 | D:3      | Reached XP level 5. HP: 11/41 MP: 6/6
  2153 | D:3      | Reached ** piety under Lugonu
  2153 | D:3      | Reached skill level 5 in Maces & Flails
  2665 | D:4      | Noticed Eustachio
  2806 | D:4      | You fall through a shaft for 2 floors!
  2900 | D:6      | Noticed an ice beast
  2905 | D:5      | Entered Level 5 of the Dungeon
  3162 | D:4      | Gained mutation: Your flesh is heat resistant. (rF+) [demonic ancestry]
  3162 | D:4      | Reached XP level 6. HP: 47/47 MP: 7/7
  3272 | D:4      | Killed Eustachio
  3272 | D:4      | Reached skill level 6 in Maces & Flails
  3272 | D:4      | Reached skill level 1 in Shields
  3520 | D:4      | Reached skill level 2 in Shields
  3690 | D:5      | Gained mutation: You have large cloven feet. [demonic ancestry]
  3690 | D:5      | Reached XP level 7. HP: 45/52 MP: 8/8
  3846 | D:5      | Found a runed door.
  3850 | D:5      | Noticed Zigma's ghost (amateur DrMo)
  4051 | D:5      | Found a runed door.
  4077 | D:5      | Reached skill level 3 in Shields
  4125 | D:5      | HP: 11/52 [worker ant (5)]
  4130 | D:5      | Reached skill level 7 in Maces & Flails
  4130 | D:5      | HP: 6/52 [poisoned by a worker ant]
  4135 | D:5      | HP: 4/52 [poisoned by a worker ant]
  4141 | D:5      | HP: 3/52 [poisoned by a worker ant]
  4149 | D:5      | HP: 3/52 [poisoned by a worker ant]
  4744 | D:6      | HP: 13/52 [ice beast (3)]
  4744 | D:6      | HP: 1/52 [ice beast (12)]
  4745 | D:6      | Reached skill level 4 in Shields
  5228 | D:6      | Found a deep blue altar of Sif Muna.
  5324 | D:6      | Found a shimmering altar of Xom.
  5328 | D:6      | Noticed Menkaure
  5331 | D:6      | Killed Menkaure
  5331 | D:6      | Reached *** piety under Lugonu
  5331 | D:6      | Reached XP level 8. HP: 60/60 MP: 9/9
  5667 | D:7      | Reached skill level 4 in Fighting
  5894 | D:7      | Reached skill level 8 in Maces & Flails
  5942 | D:7      | Found a staircase to the Ecumenical Temple.
  5952 | Temple   | Entered the Ecumenical Temple
  6200 | D:7      | Found Buor Cagak's Antique Armour Boutique.
  6208 | D:7      | Bought a transparent ring mail for 234 gold pieces
  6220 | D:7      | Identified the +5 ring mail of Activism {rPois rC+} (You bought it in a shop on level 7 of the Dungeon)
  6226 | D:7      | Noticed Dowan
  6227 | D:7      | Noticed Duvessa
  6260 | D:7      | Reached skill level 3 in Invocations
  6273 | D:7      | Killed Dowan
  6273 | D:7      | Reached skill level 4 in Invocations
  6288 | D:7      | Killed Duvessa
  6288 | D:7      | Reached skill level 5 in Invocations
  6327 | D:7      | Noticed a hippogriff
  6355 | D:7      | Killed a hippogriff
  6355 | D:7      | Reached skill level 6 in Invocations
  6601 | D:7      | Reached skill level 7 in Invocations
  6722 | D:7      | Reached XP level 9. HP: 58/66 MP: 14/14
  6797 | D:8      | Found Yruloj Ixup's Antique Weapon Boutique.
  6808 | D:8      | Got a warped quarterstaff
  6858 | D:8      | Identified the cursed +1 quarterstaff of Evisceration {flame, Int+8} (You found it on level 8 of the Dungeon)
  6870 | D:8      | Noticed a hill giant
  6873 | D:8      | Reached skill level 8 in Invocations
  6876 | D:8      | Noticed Prince Ribbit
  6876 | D:8      | Banished a hill giant
  6876 | D:8      | Reached skill level 9 in Invocations
  7053 | D:8      | Reached skill level 10 in Invocations
  7100 | D:8      | Got a spiked cloak
  7101 | D:8      | Identified the +0 cloak of the Ego {MP+9 Str+4 Int-3 SInv} (You found it on level 8 of the Dungeon)
  7145 | D:8      | Found a staircase to the Lair.
  7263 | D:8      | Reached **** piety under Lugonu
  7297 | D:8      | Reached skill level 2 in Armour
  7299 | D:8      | Banished Prince Ribbit
  7299 | D:8      | Reached skill level 5 in Fighting
  7334 | D:8      | Reached skill level 3 in Armour
  7609 | D:8      | Reached skill level 4 in Armour
  7615 | D:8      | Reached skill level 6 in Fighting
  7672 | D:8      | Learned a level 2 spell: Repel Missiles
  7676 | D:8      | Learned a level 2 spell: Blink
  7693 | D:8      | Found Xihol's Serpentskin Sales.
  7778 | D:8      | Bought an ivory mace for 272 gold pieces
  7778 | D:8      | Identified the +1 mace of the Dead {crush, +Fly rN+++ MR+ Str-2} (You bought it in a shop on level 8 of the Dungeon)
  7988 | D:9      | Gained mutation: You have hoof-like feet. [demonic ancestry]
  7988 | D:9      | Reached XP level 10. HP: 70/76 MP: 17/17
  8399 | D:9      | Reached skill level 9 in Maces & Flails
  9216 | D:9      | Reached skill level 10 in Maces & Flails
  9278 | D:10     | Entered Level 10 of the Dungeon
  9278 | D:10     | Noticed a hill giant
  9281 | D:10     | Banished a hill giant
  9393 | D:10     | Reached skill level 11 in Maces & Flails
  9411 | D:10     | Noticed a soul eater
  9708 | D:10     | Noticed a hill giant
  9718 | D:10     | Killed a hill giant
  9718 | D:10     | Gained mutation: You regenerate health from kills. [demonic ancestry]
  9718 | D:10     | Reached XP level 11. HP: 71/81 MP: 18/18
  9786 | D:10     | Found a shimmering altar of Xom.
 10198 | Lair:1   | Entered Level 1 of the Lair of Beasts
 10199 | Lair:1   | Noticed slumpy's ghost (journeyman DDNe)
 10210 | Lair:1   | Banished slumpy's ghost
 10210 | Lair:1   | Reached skill level 12 in Maces & Flails
 10281 | Lair:1   | Noticed a six-headed hydra
 10282 | Lair:1   | Banished a six-headed hydra
 10310 | Lair:1   | Noticed Joseph
 10351 | Lair:1   | Killed Joseph
 10420 | Lair:1   | Reached skill level 13 in Maces & Flails
 10886 | Lair:1   | Noticed Grum
 10939 | Lair:1   | Killed Grum
 11295 | Lair:1   | Got a shimmering wooden ring
 11297 | Lair:1   | Identified the ring "Ecadix" {rC+ MR+} (You found it on level 1 of the Lair of Beasts)
 11366 | Lair:1   | Reached skill level 14 in Maces & Flails
 11520 | Lair:2   | Reached ***** piety under Lugonu
 11526 | Lair:2   | Found a dark tunnel.
 11527 | Lair:2   | Gained mutation: You are immune to clouds of flame. [demonic ancestry]
 11527 | Lair:2   | Reached XP level 12. HP: 79/88 MP: 19/19
 11544 | Volcano  | Entered a volcano
 11687 | Volcano  | Found a bloodstained altar of Trog.
 11687 | Volcano  | Noticed a centaur warrior
 11697 | Volcano  | Killed a centaur warrior
 11777 | Volcano  | HP: 13/88 [yaktaur (11)]
 12157 | Lair:2   | Reached skill level 15 in Maces & Flails
 12329 | Lair:2   | Found a staircase to the Swamp.
 12352 | Lair:2   | Reached skill level 7 in Fighting
 12848 | Lair:3   | Found a labyrinth entrance.
 12857 | Lab      | Entered a labyrinth
 12989 | Lab      | Noticed a minotaur
 13000 | Lab      | Killed a minotaur
 13018 | Lab      | Learned a level 3 spell: Spectral Weapon
 13024 | Lab      | Identified the Collected Works on Aerial Creation
 13076 | Lair:3   | Reached skill level 8 in Fighting
 13228 | Lair:3   | Found a hole to the Spider Nest.
 13247 | Lair:3   | Paralysed by a hornet for 3 turns
 13332 | Lair:3   | Noticed Naow's ghost (journeyman MiBe)
 13341 | Lair:3   | Banished Naow's ghost
 13341 | Lair:3   | Reached skill level 9 in Fighting
 14150 | Lair:4   | Reached skill level 10 in Fighting
 14446 | Lair:4   | Found a blossoming altar of Fedhas.
 14925 | Lair:5   | Gained mutation: You are robust. (+10% HP) [demonic ancestry]
 14925 | Lair:5   | Reached XP level 13. HP: 99/114 MP: 20/20
 14970 | Lair:5   | Found a staircase to the Slime Pits.
 15020 | Lair:5   | Reached skill level 11 in Fighting
 15285 | Lair:6   | Entered Level 6 of the Lair of Beasts
 15621 | Lair:6   | Reached skill level 12 in Fighting
 15973 | Lair:6   | Noticed Josephine
 15973 | Lair:6   | Banished Josephine
 16128 | Lair:6   | Reached skill level 13 in Fighting
 16472 | Lair:6   | Noticed a fire dragon
 16482 | Lair:6   | Banished a fire dragon
 16751 | Lair:6   | Reached skill level 14 in Fighting
 17101 | Lair:6   | Gained mutation: You are completely covered in iridescent scales. (AC +6) [demonic ancestry]
 17101 | Lair:6   | Reached XP level 14. HP: 92/133 MP: 21/21
 17707 | D:11     | Noticed Maurice
 17718 | D:11     | Banished Maurice
 17718 | D:11     | Reached skill level 15 in Fighting
 17765 | D:11     | Reached skill level 1 in Dodging
 17926 | D:11     | Found a staircase to the Orcish Mines.
 17945 | D:11     | Reached ****** piety under Lugonu
 17951 | D:11     | Reached skill level 2 in Dodging
 18016 | D:11     | Reached skill level 5 in Armour
 18421 | D:12     | Noticed Rupert
 18555 | D:12     | Killed Rupert
 18555 | D:12     | Reached skill level 3 in Dodging
 18945 | D:7      | Bought a glowing hat for 260 gold pieces
 19091 | D:13     | Reached skill level 6 in Armour
 19180 | D:13     | Reached skill level 4 in Dodging
 19189 | D:13     | Got a shimmering long sword
 19494 | D:13     | Found a gate to the Vaults.
 19504 | D:13     | Reached skill level 5 in Dodging
 19527 | D:13     | HP: 29/135 [vault guard/enchanted great mace (12)]
 19529 | D:13     | Reached skill level 7 in Armour
 20190 | D:14     | Reached skill level 6 in Dodging
 20232 | D:14     | Noticed Naow's ghost (journeyman SpEn)
 20257 | D:14     | Banished Naow's ghost
 20700 | D:14     | Noticed Kirke
 20784 | D:14     | Killed Kirke
 20784 | D:14     | Reached skill level 8 in Armour
 21017 | D:15     | Entered Level 15 of the Dungeon
 21141 | D:15     | Paralysed by a wizard for 7 turns
 21397 | D:15     | Got a translucent quarterstaff
 21514 | D:15     | Reached skill level 7 in Dodging
 21745 | D:15     | Reached XP level 15. HP: 128/141 MP: 22/22
 22202 | D:15     | Reached skill level 9 in Armour
 22232 | D:15     | Found a staircase to the Depths.
 22261 | D:15     | Identified a +4 eveningstar of distortion (a +2 eveningstar of venom corrupted by Lugonu)
 22261 | D:15     | Received a gift from Lugonu
 22327 | D:15     | HP: 28/141 [ogre/giant spiked club (9)]
 23018 | Orc:1    | Entered Level 1 of the Orcish Mines
 23055 | Orc:1    | Found a roughly hewn altar of Beogh.
 23279 | Orc:1    | Noticed an orc warlord
 23308 | Orc:1    | Banished an orc warlord
 23494 | Orc:2    | Entered Level 2 of the Orcish Mines
 23531 | Orc:2    | Noticed an orc warlord
 23859 | Orc:1    | Killed an orc warlord
 23997 | Orc:2    | Reached skill level 16 in Maces & Flails
 24128 | Orc:2    | Found Nigemnasm's Jewellery Emporium.
 24128 | Orc:2    | Found Jaivve's Antique Armour Shoppe.
 24128 | Orc:2    | Found Sonn's General Store.
 24137 | Orc:2    | Found Uchuxim's Gadget Shoppe.
 24162 | Orc:2    | Bought a scroll of blinking for 97 gold pieces
 24178 | Orc:2    | Bought a bloodstained scale mail for 207 gold pieces
 24188 | Orc:2    | Identified the cursed +0 scale mail of Cocytus {Int+3 Dex+3} (You bought it in a shop on level 2 of the Orcish Mines)
 24326 | Orc:2    | Found a staircase to the Elven Halls.
 24605 | Swamp:1  | Entered Level 1 of the Swamp
 24627 | Lair:2   | Reached skill level 11 in Invocations
 24729 | Swamp:1  | Noticed Nikola
 24839 | Swamp:1  | Reached skill level 12 in Invocations
 25046 | Swamp:1  | You fall through a shaft!
 25157 | Swamp:2  | Found a runed door.
 25157 | Swamp:2  | Noticed a tentacled monstrosity
 25224 | Swamp:2  | Reached skill level 13 in Invocations
 25690 | Swamp:2  | Noticed a thorn hunter
 25700 | Swamp:2  | Banished a thorn hunter
 25753 | Swamp:2  | Reached skill level 14 in Invocations
 25857 | Swamp:3  | Identified a scroll of acquirement
 25858 | Swamp:3  | Got an ancient cloak
 25859 | Swamp:3  | Identified the +0 cloak of the Shore {+Inv MR- Str+7} (You acquired it on level 3 of the Swamp)
 25899 | Swamp:3  | Reached XP level 16. HP: 124/149 MP: 26/26
 26318 | Swamp:3  | Got a jewelled halberd
 26694 | Swamp:4  | Entered Level 4 of the Swamp
 26717 | Swamp:4  | Noticed a thorn hunter
 26726 | Swamp:4  | Killed a thorn hunter
 26726 | Swamp:4  | Reached skill level 15 in Invocations
 26755 | Swamp:4  | Reached skill level 9 in Dodging
 26755 | Swamp:4  | Gained mutation: You have hooves in place of feet. [demonic ancestry]
 26755 | Swamp:4  | Reached XP level 17. HP: 156/156 MP: 28/28
 27092 | Swamp:4  | Reached skill level 16 in Invocations
 27369 | Swamp:4  | Noticed a bone dragon
 27433 | Swamp:4  | Got a decaying rune of Zot
 27768 | Spider:1 | Entered Level 1 of the Spider Nest
 28216 | Spider:1 | HP: 38/156 [poisoned by a redback]
 28221 | Spider:1 | HP: 33/156 [poisoned by a redback]
 28226 | Spider:1 | HP: 29/156 [poisoned by a redback]
 28231 | Lair:3   | HP: 27/156 [poisoned by a redback]
 28236 | Lair:3   | HP: 26/156 [poisoned by a redback]
 28244 | Lair:3   | HP: 26/156 [poisoned by a redback]
 28252 | Lair:3   | HP: 27/156 [poisoned by a redback]
 28263 | Lair:3   | HP: 19/156 [redback (11)]
 28619 | Spider:1 | Reached skill level 5 in Shields
 29022 | Spider:1 | Reached skill level 10 in Dodging
 29046 | Spider:1 | Reached skill level 10 in Armour
 29366 | Spider:1 | Reached skill level 6 in Shields
 29758 | Spider:2 | Found a frozen archway.
 29794 | IceCv    | Entered an ice cave
 29972 | IceCv    | Noticed Duomerus's ghost (journeyman MiFi)
 29973 | IceCv    | Banished Duomerus's ghost
 29995 | IceCv    | Noticed an Ice Fiend
 30002 | IceCv    | HP: 38/156 [Ice Fiend (12)]
 30006 | IceCv    | HP: 13/156 [Ice Fiend (6)]
 30051 | IceCv    | Noticed an Ice Fiend
 30052 | IceCv    | HP: 27/156 [??? (25)]
 30064 | IceCv    | HP: 27/156 [something (5)]
 30072 | IceCv    | HP: 36/156 [something (4)]
 30080 | IceCv    | HP: 36/156 [ice devil (2)]
 30087 | IceCv    | HP: 30/156 [something (4)]
 30093 | IceCv    | HP: 27/156 [something (3)]
 30497 | IceCv    | Killed an Ice Fiend
 31216 | Spider:2 | HP: 30/156 [meliai/divine providence (13)]
 31216 | Spider:2 | HP: 12/156 [meliai/divine providence (12)]
 31275 | Spider:1 | HP: 39/156 [wolf spider (3)]
 31278 | Spider:1 | HP: 3/156 [wolf spider (19)]
 31738 | Spider:2 | Reached XP level 18. HP: 136/163 MP: 30/30
 31775 | Spider:2 | Reached skill level 7 in Shields
 32363 | Spider:3 | Noticed Roxanne
 32407 | Spider:3 | Reached skill level 11 in Dodging
 32434 | Spider:4 | Entered Level 4 of the Spider Nest
 32469 | Spider:4 | Reached skill level 11 in Armour
 32610 | Spider:4 | Corrupted Spider:4
 32681 | Spider:4 | HP: 39/163 [ghost moth (2)]
 32977 | Spider:4 | Reached skill level 8 in Shields
 33202 | Spider:4 | Got a gossamer rune of Zot
 33497 | D:7      | Bought a faintly humming ring mail for 234 gold pieces
 33497 | D:7      | Bought a shield for 117 gold pieces
 33497 | D:7      | Identified the cursed +0 ring mail of Elyvilon's Supremacy {rElec rC- rN+ Str+6} (You bought it in a shop on level 7 of the Dungeon)
 33650 | Vaults:1 | Entered Level 1 of the Vaults
 33924 | Vaults:1 | Reached skill level 9 in Shields
 34326 | Vaults:1 | Reached skill level 10 in Shields
 34643 | Vaults:1 | Reached skill level 11 in Shields
 34959 | Vaults:2 | Reached skill level 12 in Shields
 35187 | Vaults:2 | Noticed Margery
 35200 | Vaults:2 | Gained mutation: Your demonic aura causes spilled blood to erupt in flames. [demonic ancestry]
 35200 | Vaults:2 | Reached XP level 19. HP: 142/170 MP: 31/31
 35222 | Vaults:2 | HP: 38/170 [Margery/fireball (18)]
 35986 | Vaults:2 | Found Rottaka's Gadget Shoppe.
 36009 | Vaults:2 | Killed Margery
 36091 | Vaults:2 | Reached skill level 13 in Shields
 36482 | Vaults:2 | Reached skill level 14 in Shields
 36604 | Vaults:2 | Found Aggyufiw's Armour Boutique.
 36610 | Vaults:2 | Bought a +2 shield of protection for 279 gold pieces
 36610 | Vaults:2 | Bought the +0 mask of the Dragon {MR+ Slay+3 SInv} for 434 gold pieces
 36964 | Vaults:2 | Found a staircase to the Crypt.
 37174 | Vaults:3 | Found a ruined gateway.
 37195 | Desolati | Entered the Desolation of Salt
 37297 | Desolati | Reached skill level 15 in Shields
 37413 | Desolati | Got a shimmering ivory ring
 37416 | Desolati | Got a flickering wooden ring
 37418 | Desolati | Identified the ring of Nuheski {rPois rF+ Dex+8} (You found it in the Desolation of Salt)
 37421 | Desolati | Identified the ring of Koavenla {rCorr rN+ Dex-4 Slay+5} (You found it in the Desolation of Salt)
 37427 | Desolati | Identified Xioxkuem's Grimoire of Enhancements
 37434 | Desolati | Learned a level 3 spell: Regeneration
 37547 | Desolati | Reached skill level 1 in Spellcasting
 37548 | Desolati | Reached skill level 1 in Air Magic
 37564 | Desolati | Reached skill level 1 in Charms
 37602 | Desolati | Got a fine spear
 37680 | Desolati | Reached skill level 2 in Spellcasting
 37929 | Desolati | Reached skill level 2 in Charms
 37939 | Desolati | Reached skill level 2 in Air Magic
 38081 | Desolati | Gained mutation: You regenerate a lot of health from kills. [demonic ancestry]
 38081 | Desolati | Reached XP level 20. HP: 167/178 MP: 32/32
 38090 | Desolati | Reached skill level 3 in Spellcasting
 38110 | Desolati | Reached skill level 3 in Air Magic
 38115 | Desolati | Reached skill level 3 in Charms
 38132 | Desolati | Got a fine plate armour
 38138 | Desolati | Got a bound jade amulet
 38181 | Desolati | Identified the amulet "Retunute" {Inacc Str+4} (You found it in the Desolation of Salt)
 38205 | Desolati | Identified the cursed +0 plate armour of Gewol {rC+ rN+ rCorr} (You found it in the Desolation of Salt)
 38312 | Vaults:3 | Reached skill level 1 in Necromancy
 38318 | Vaults:3 | Reached skill level 4 in Charms
 38328 | Vaults:3 | Reached skill level 4 in Spellcasting
 38354 | Vaults:3 | Reached skill level 2 in Necromancy
 38469 | Vaults:3 | Reached skill level 3 in Necromancy
 38508 | Vaults:3 | Reached skill level 5 in Charms
 38510 | Vaults:3 | Reached skill level 5 in Spellcasting
 38515 | Vaults:3 | Reached skill level 4 in Necromancy
 38797 | Vaults:3 | Reached skill level 5 in Necromancy
 38821 | Vaults:3 | Found Noteczorph's Food Boutique.
 39277 | Vaults:3 | Reached skill level 6 in Charms
 39342 | Vaults:4 | Reached skill level 6 in Necromancy
 39346 | Vaults:4 | Reached skill level 6 in Spellcasting
 39380 | Vaults:4 | Got an ichor-stained long sword
 39771 | Vaults:4 | Reached skill level 7 in Necromancy
 39782 | Vaults:4 | Reached skill level 7 in Charms
 39916 | Vaults:4 | Reached skill level 7 in Spellcasting
 39996 | Vaults:4 | Noticed Donald
 40169 | Vaults:4 | Reached skill level 8 in Necromancy
 40177 | Vaults:4 | Gained mutation: You are very robust. (+20% HP) [demonic ancestry]
 40177 | Vaults:4 | Reached XP level 21. HP: 178/201 MP: 27/33
 40290 | Vaults:4 | Killed Donald
 40290 | Vaults:4 | Reached skill level 1 in Hexes
 40296 | Vaults:4 | Reached skill level 2 in Hexes
 40322 | Vaults:4 | Reached skill level 3 in Hexes
 40378 | Vaults:4 | Noticed Bai Suzhen
 40468 | Vaults:4 | Banished Bai Suzhen
 40468 | Vaults:4 | Reached skill level 4 in Hexes
 40487 | Vaults:5 | Entered Level 5 of the Vaults
 40497 | Vaults:5 | Corrupted Vaults:5
 40513 | Vaults:5 | Reached skill level 5 in Hexes
 40524 | Vaults:5 | Noticed a golden dragon
 40537 | Vaults:5 | Got a silver rune of Zot
 40558 | Vaults:5 | Noticed an ancient lich
 40879 | D:15     | Reached skill level 6 in Hexes
 40938 | Depths:1 | Entered Level 1 of the Depths
 40973 | Depths:1 | Found a one-way gate to the infinite horrors of the Abyss.
 41020 | Depths:1 | Reached skill level 7 in Hexes
 41097 | Depths:1 | Found a gateway to Hell.
 41187 | Depths:2 | Reached skill level 8 in Hexes
 41238 | Depths:3 | Reached skill level 9 in Hexes
 41306 | Depths:3 | Noticed the Enchantress
 41589 | Depths:3 | Noticed Frederick
 41597 | Depths:3 | Reached skill level 16 in Fighting
 41607 | Depths:3 | Killed Frederick
 41608 | Depths:3 | Noticed a golden dragon
 41754 | Depths:3 | Killed a golden dragon
 41754 | Depths:3 | Reached XP level 22. HP: 211/216 MP: 26/34
 41824 | Depths:3 | Reached skill level 17 in Fighting
 42079 | Depths:3 | wojtek: hey
 42101 | Depths:3 | MackTheKnife: Heyo
 42101 | Depths:3 | MackTheKnife: trying to find the enchantress, got teled away by branded wpn
 42101 | Depths:3 | wojtek: I love this song
 42101 | Depths:3 | wojtek: "Mack the Knife"
 42101 | Depths:3 | MackTheKnife: yeah it's really nice :)
 42109 | Depths:3 | wojtek: though I've never head the whole opera
 42160 | Depths:3 | wojtek: ("the threepenny opera")
 42160 | Depths:3 | MackTheKnife: discovered it via good ol louis
 42160 | Depths:3 | MackTheKnife: yea
 42406 | Depths:3 | wojtek: I just counted
 42412 | Depths:3 | Found a one-way gate leading to the halls of Pandemonium.
 42477 | Depths:3 | wojtek: I have ~30 versions of this song on my laptop ;-)
 42477 | Depths:3 | MackTheKnife: Woah!
 42477 | Depths:3 | wojtek: by various artists
 42477 | Depths:3 | MackTheKnife: A true fan
 42520 | Depths:3 | wojtek: there are even rock versions
 42564 | Depths:3 | MackTheKnife: Oh god
 42564 | Depths:3 | MackTheKnife: all the shitty covers
 42847 | Depths:3 | wojtek: though the favourite story about the song that I heard was about Ella Fitzgerald
 42875 | Depths:3 | wojtek: she once forgot the lyrics when performed on stage and started to improvise
 42876 | Depths:3 | MackTheKnife: Oho, not bad
 42876 | Depths:3 | wojtek: and was later awarded a Grammy award for this improvisation
 42876 | Depths:3 | MackTheKnife: :)
 42876 | Depths:3 | MackTheKnife: Got a yt link to that one?
 42881 | Depths:3 | Killed the Enchantress
 42881 | Depths:3 | Reached skill level 18 in Fighting
 42883 | Depths:3 | Got faerie dragon scales
 42904 | Depths:3 | wojtek: let me look
 42904 | Depths:3 | MackTheKnife: cheers
 42904 | Depths:3 | Identified the +6 faerie dragon scales {+Inv rElec Int+4} (You took it off the Enchantress on level 3 of the Depths)
 42916 | Depths:3 | wojtek: I think it was somewhere on youtube, though just music, without video
 42916 | Depths:3 | MackTheKnife: that's fine!
 42962 | Depths:4 | Noticed Jory
 42962 | Depths:4 | wojtek: https://www.youtube.com/watch?v=6vXAtVbZbkI
 42973 | Depths:4 | Paralysed by a floating eye for 2 turns
 42977 | Depths:4 | Paralysed by a floating eye for 3 turns
 43036 | Depths:4 | MackTheKnife: Lovely voice
 43107 | Depths:4 | wojtek: oh, you'd love her album with Louis Armstrong "Ella & Louis"
 43672 | Depths:5 | Entered Level 5 of the Depths
 43736 | Depths:5 | Found a gate to the Realm of Zot.
 43736 | Depths:5 | Noticed a golden dragon
 43736 | Depths:5 | Noticed a golden dragon
 43751 | Depths:5 | Killed a golden dragon
 43759 | Depths:5 | Reached skill level 19 in Fighting
 43837 | Depths:5 | Killed a golden dragon
 43910 | Zot:1    | Entered Level 1 of the Realm of Zot
 43913 | Zot:1    | Noticed a golden dragon
 43942 | Zot:1    | Noticed a golden dragon
 44277 | Zot:2    | Noticed a golden dragon
 44296 | Zot:2    | Killed a golden dragon
 44296 | Zot:2    | Reached skill level 20 in Fighting
 44361 | Zot:2    | Reached XP level 23. HP: 190/237 MP: 18/35
 44569 | Zot:5    | Entered Level 5 of the Realm of Zot
 44593 | Zot:5    | Noticed a curse toe
 44607 | Zot:5    | Killed a curse toe
 44607 | Zot:5    | Reached skill level 21 in Fighting
 44763 | Zot:5    | Noticed an ancient lich
 44766 | Zot:5    | Noticed an ancient lich
 44801 | Zot:5    | Banished an ancient lich
 44820 | Zot:5    | Noticed a Killer Klown
 44843 | Zot:5    | Noticed an orb of fire
 44869 | Zot:5    | Killed a Killer Klown
 44869 | Zot:5    | Reached skill level 22 in Fighting
 44875 | Zot:5    | Noticed an orb of fire
 44885 | Zot:5    | Gained mutation: You occasionally shout uncontrollably at your foes. [an orb of fire]
 44966 | Zot:5    | Corrupted Zot:5
 45023 | Zot:5    | Got the Orb of Zot
 45090 | Zot:5    | Noticed Wucwu the pandemonium lord
 45096 | Zot:5    | HP: 47/243 [???[an ancient lich] (28)]
 45101 | Zot:5    | HP: 42/243 [Wucwu the pandemonium lord (5)]
 45108 | Zot:4    | HP: 44/243 [Wucwu the pandemonium lord (22)]
 45113 | Zot:4    | HP: 1/243 [Wucwu the pandemonium lord (38)]
 45115 | Zot:4    | Noticed Xewkuomm the pandemonium lord
 45139 | Zot:4    | HP: 40/243 [ghost moth (7)]
 45366 | Zot:4    | HP: 60/243 [Xewkuomm the pandemonium lord/crystal spear (60)]
 45370 | Zot:4    | Noticed Doitz the pandemonium lord
 45374 | Zot:4    | HP: 41/243 [Orb Guardian (21)]
 45383 | Zot:4    | HP: 31/243 [Doitz the pandemonium lord (2)]
 45384 | Zot:4    | HP: 10/243 [Doitz the pandemonium lord (10)]
 45385 | Zot:4    | Gained mutation: Scrolls take you a little longer to read. [a neqoxec]
 45386 | Zot:4    | Killed from afar by a purple draconian

Vault maps used:
D:1:      ldierk_walled_garden_2
D:2:      grunt_temple_overflow_open, elyvilon_altar_3,
          nicolae_ashenzari_panopticon, uniq_sigmund
D:3:      vehumet_crystals, first_bread
D:4:      wad_lake_hut, uniq_eustachio
D:5:      lemuel_insect_pit
D:6:      lemuel_crystal_altar, xom_teletrap_fun, uniq_menkaure
D:7:      serial_shops, shop, uniq_duvessa
D:8:      minmay_bloctagon_deflated, due_lair_maze_entry_diamond, serial_shops,
          shop, guppyfry_shop_venom, uniq_prince_ribbit1
D:9:      grunt_livestock
D:10:     basic_altar, roderic_ancient_swastika
D:11:     hiddenorc2_lemuel, minmay_misc_feat_five, uniq_maurice
D:12:     minmay_unpleasant_kobolds, uniq_rupert
D:13:     grunt_vaults_entry_tiered, minivault_27, spider_trap
D:14:     uniq_kirke
D:15:     grunt_enter_depths_magical_seal, hangedman_decor_opposing
Temple:   jpeg_temple_clearing
Lair:1:   gammafunk_lair_bear_cave, grunt_megastairs_4, lemuel_fruit_fields,
          uniq_grum, uniq_joseph
Lair:2:   minmay_swamp_entry_reptiles, nicolae_volcano_entry_batcave
Lair:3:   nicolae_spider_entry_non_spiders, serial_bayou, serial_bayou_ford_a,
          serial_bayou_lagoon_b, serial_bayou_pond_a, serial_bayou_pond_e,
          serial_bayou_pond_d, lab_entry_generic
Lair:4:   minmay_lair_oklob_chamber, tgw_fedhas, lemuel_fruit_tree
Lair:5:   nicolae_slime_entry_slimehenge
Lair:6:   hangedman_lair_caniforms_friends, guppyfry_lair_end_dragon,
          uniq_josephine
Swamp:1:  serial_swamp_ruin, evilmike_swamp_ruin_house_6,
          evilmike_swamp_ruin_house_3, swamp_pool3, nicolae_swamp_fairy_circle,
          uniq_nikola
Swamp:2:  cheibrodos_swamp_sealed, hangedman_swamp_cone
Swamp:3:  hangedman_swamp_diagram
Swamp:4:  swamp_pestilence
Spider:1: spider_trap, spiders_nest_spider_trap
Spider:2: portal_ice_cave_entry_ice_statue_two, nicolae_looking_at_the_future
Spider:3: nicolae_spider_cling_ruins, uniq_roxanne
Spider:4: grunt_spider_rune_parallel
Orc:1:    serial_shops, shop, mines1_david
Orc:2:    st_orc_mages
Vaults:1: hangedman_vaults_slither, grunt_vaults_focal, v_misc_2,
          nicolae_vaults_diagonal_hallway_9, v_misc_25, st_cells,
          nicolae_vaults_asterisk, vaults_mumra_lcd
Vaults:2: hangedman_vaults_pinch, ontoclasm_vaults_gateway, v_misc_26,
          minmay_crypt_entry_simple_statues, v_rooms_6, v_misc_29,
          nicolae_vaults_shelves_hall, hangedman_vaults_maws,
          vaults_mumra_chevron, vaults_room_semicircle, ontoclasm_vaults_shout,
          dpeg_vaults_monster_box, serial_shops, nicolae_shop_waterfront,
          uniq_margery
Vaults:3: dpeg_vaults_monster_row, vaults_room_fours,
          vaults_standard_mumra_enter_the_diamond, ontoclasm_vaults_fault,
          vaults_standard_mumra_enter_the_diamond, v_rooms_2,
          hangedman_vaults_trim, serial_shops,
          nicolae_shop_temple_entry_statues_fountains,
          portal_desolation_entry_garden
Vaults:4: v_misc_10, nicolae_vaults_border_crossing, v_alt_pattern_6,
          vaults_mumra_minichess, nicolae_vaults_inception_statues,
          hangedman_vaults_snaps, v_misc_19, v_misc_10,
          nicolae_vaults_quartermaster, v_misc_23,
          nicolae_vaults_little_squares_2, uniq_donald, uniq_bai_suzhen
Depths:1: abyss_entry, grunt_decor_mini_mirrors, hangedman_tar_grid_catacomb,
          lemuel_freeze_loot_1
Depths:2: lemuel_minitomb, hell_entry, serial_bayou_lagoon_a, serial_shops,
          nicolae_shop_trees, infiniplex_staircase_pool_lava
Depths:3: grunt_deathspiral_small, hell_entry, grunt_pan_entry_spiral,
          spider_trap, infiniplex_staircase_9_rooms, uniq_enchantress,
          uniq_frederick
Depths:4: ragdoll_tomb_raider, minmay_misc_feat_tiny, abyss_entry,
          grunt_hell_entry_dis_old, kennysheep_cross_room, eino_tiny_chamber,
          uniq_jory
Depths:5: grunt_zot_entry_funnels, enter_ziggurat_d, hangedman_coc_ice_floe,
          nemelex_xobeh_ov_fountains_minmay, pan_entry
Zot:2:    st_single_dragon_hoard_2, hangedman_zot_wheel_spokes,
          hangedman_elemental_corridor, basic_stair_grate_trap
Zot:3:    kennysheep_blocky_room, grunt_megastairs_2
Zot:4:    basic_stair_grate_trap
Abyss:1:  evilmike_abyss_exit_9
Lab:      nicolae_lab_dead_adventurers
IceCv:    ice_cave_small_demon
Volcano:  volcano_grotto

Skill      XL: |  1  2  3  4  5  6  7  8  9 10 11 12 13 14 15 16 17 18 19 20 21 22 23 |
---------------+----------------------------------------------------------------------+-----
Maces & Flails | 2 3 4 5 6 7 8 11 14 15 16 | 16.0
Shields        | 2 4 6 12 15 | 15.3
Fighting       | 4 6 10 14 15 16 20 22 | 22.3
Invocations    | 7 10 14 15 16 | 16.5
Armour         | 4 8 9 10 11 | 11.4
Dodging        | 7 9 10 11 | 11.3
Spellcasting   | 2 7 |  7.8
Air Magic      | 2 3 |  3.7
Charms         | 2 7 |  7.9
Necromancy     | 8 |  8.5
Hexes          | 9 |  9.0

Action                   |  1- 3 |  4- 6 |  7- 9 | 10-12 | 13-15 | 16-18 | 19-21 | 22-24 || total
-------------------------+-------+-------+-------+-------+-------+-------+-------+-------++-------
Melee: Mace              |   102 |   179 |   395 |   178 |       |       |       |       ||   854
       Morningstar       |       |       |    64 |       |       |       |       |       ||    64
       Quarterstaff      |       |       |   144 |       |       |       |       |       ||   144
       Flail             |       |       |       |   783 |  1506 |       |       |       ||  2289
       Kick              |       |       |       |   296 |   756 |   634 |   680 |   397 ||  2763
       Unarmed           |       |       |       |       |    10 |       |       |       ||    10
       Eveningstar       |       |       |       |       |   696 |  1704 |  1536 |   824 ||  4760
 Cast: Repel Missiles    |       |       |     1 |       |     1 |       |     3 |     1 ||     6
       Regeneration      |       |       |       |       |       |       |     2 |    18 ||    20
       Spectral Weapon   |       |       |       |       |       |       |     1 |       ||     1
Invok: Depart the Abyss  |     1 |       |       |       |       |       |       |       ||     1
       Banish            |       |       |     5 |    13 |    19 |    16 |     3 |       ||    56
       Bend Space        |       |       |       |       |     3 |       |       |     1 ||     4
       Brand Weapon With |       |       |       |       |     1 |       |       |       ||     1
       Corrupt           |       |       |       |       |       |     1 |     1 |     1 ||     3
Evoke: Wand              |       |     5 |     2 |     3 |     5 |    11 |     1 |    11 ||    38
       Lamp of fire      |       |       |       |       |     1 |     2 |       |     2 ||     5
       Sack of spiders   |       |       |       |       |     1 |     2 |       |       ||     3
       Phantom mirror    |       |       |       |       |       |       |     1 |       ||     1
       Phial of floods   |       |       |       |       |       |       |       |     2 ||     2
  Use: Scroll            |     5 |     2 |    11 |    12 |    11 |    15 |    17 |     8 ||    81
       Potion            |       |     1 |     1 |     8 |     2 |    19 |     2 |    19 ||    52
 Stab: Invisible         |       |       |       |     2 |       |       |       |       ||     2
       Distracted        |       |       |       |       |     1 |       |     1 |       ||     2
  Eat: Chunk             |     1 |     6 |     7 |    15 |    13 |       |     5 |       ||    47
       Beef jerky        |     1 |       |     2 |     4 |     6 |     3 |       |       ||    16
       Bread ration      |       |       |     1 |     1 |     4 |     8 |     4 |     2 ||    20
       Pizza             |       |       |     1 |       |       |       |       |       ||     1
       Royal jelly       |       |       |       |     1 |       |       |       |       ||     1
       Fruit             |       |       |       |       |     2 |       |     1 |     1 ||     4
       Meat ration       |       |       |       |       |     1 |       |       |     1 ||     2
Armor: Leather armour    |    39 |    64 |       |       |       |       |       |       ||   103
       Ring mail         |       |    14 |   221 |   297 |   574 |   606 |   206 |    22 ||  1940
       Mottled dragon sc |       |       |       |       |       |       |       |   235 ||   235
Dodge: Dodged            |    37 |    98 |   217 |   342 |  1042 |  1296 |   573 |   466 ||  4071
       Deflected         |       |       |       |     1 |     1 |       |     7 |     4 ||    13
Block: Other             |    13 |    17 |    23 |       |     1 |       |       |       ||    54
       Buckler           |       |    20 |   231 |   409 |  1062 |   913 |       |       ||  2635
       Reflection        |       |       |     3 |     5 |    25 |    50 |    64 |       ||   147
       Shield            |       |       |       |       |       |   281 |  1120 |   736 ||  2137

Vault maps used:
D:1:      ldierk_walled_garden_2
D:2:      grunt_temple_overflow_open, elyvilon_altar_3,
          nicolae_ashenzari_panopticon, uniq_sigmund
D:3:      vehumet_crystals, first_bread
D:4:      wad_lake_hut, uniq_eustachio
D:5:      lemuel_insect_pit
D:6:      lemuel_crystal_altar, xom_teletrap_fun, uniq_menkaure
D:7:      serial_shops, shop, uniq_duvessa
D:8:      minmay_bloctagon_deflated, due_lair_maze_entry_diamond, serial_shops,
          shop, guppyfry_shop_venom, uniq_prince_ribbit1
D:9:      grunt_livestock
D:10:     basic_altar, roderic_ancient_swastika
D:11:     hiddenorc2_lemuel, minmay_misc_feat_five, uniq_maurice
D:12:     minmay_unpleasant_kobolds, uniq_rupert
D:13:     grunt_vaults_entry_tiered, minivault_27, spider_trap
D:14:     uniq_kirke
D:15:     grunt_enter_depths_magical_seal, hangedman_decor_opposing
Temple:   jpeg_temple_clearing
Lair:1:   gammafunk_lair_bear_cave, grunt_megastairs_4, lemuel_fruit_fields,
          uniq_grum, uniq_joseph
Lair:2:   minmay_swamp_entry_reptiles, nicolae_volcano_entry_batcave
Lair:3:   nicolae_spider_entry_non_spiders, serial_bayou, serial_bayou_ford_a,
          serial_bayou_lagoon_b, serial_bayou_pond_a, serial_bayou_pond_e,
          serial_bayou_pond_d, lab_entry_generic
Lair:4:   minmay_lair_oklob_chamber, tgw_fedhas, lemuel_fruit_tree
Lair:5:   nicolae_slime_entry_slimehenge
Lair:6:   hangedman_lair_caniforms_friends, guppyfry_lair_end_dragon,
          uniq_josephine
Swamp:1:  serial_swamp_ruin, evilmike_swamp_ruin_house_6,
          evilmike_swamp_ruin_house_3, swamp_pool3, nicolae_swamp_fairy_circle,
          uniq_nikola
Swamp:2:  cheibrodos_swamp_sealed, hangedman_swamp_cone
Swamp:3:  hangedman_swamp_diagram
Swamp:4:  swamp_pestilence
Spider:1: spider_trap, spiders_nest_spider_trap
Spider:2: portal_ice_cave_entry_ice_statue_two, nicolae_looking_at_the_future
Spider:3: nicolae_spider_cling_ruins, uniq_roxanne
Spider:4: grunt_spider_rune_parallel
Orc:1:    serial_shops, shop, mines1_david
Orc:2:    st_orc_mages
Vaults:1: hangedman_vaults_slither, grunt_vaults_focal, v_misc_2,
          nicolae_vaults_diagonal_hallway_9, v_misc_25, st_cells,
          nicolae_vaults_asterisk, vaults_mumra_lcd
Vaults:2: hangedman_vaults_pinch, ontoclasm_vaults_gateway, v_misc_26,
          minmay_crypt_entry_simple_statues, v_rooms_6, v_misc_29,
          nicolae_vaults_shelves_hall, hangedman_vaults_maws,
          vaults_mumra_chevron, vaults_room_semicircle, ontoclasm_vaults_shout,
          dpeg_vaults_monster_box, serial_shops, nicolae_shop_waterfront,
          uniq_margery
Vaults:3: dpeg_vaults_monster_row, vaults_room_fours,
          vaults_standard_mumra_enter_the_diamond, ontoclasm_vaults_fault,
          vaults_standard_mumra_enter_the_diamond, v_rooms_2,
          hangedman_vaults_trim, serial_shops,
          nicolae_shop_temple_entry_statues_fountains,
          portal_desolation_entry_garden
Vaults:4: v_misc_10, nicolae_vaults_border_crossing, v_alt_pattern_6,
          vaults_mumra_minichess, nicolae_vaults_inception_statues,
          hangedman_vaults_snaps, v_misc_19, v_misc_10,
          nicolae_vaults_quartermaster, v_misc_23,
          nicolae_vaults_little_squares_2, uniq_donald, uniq_bai_suzhen
Depths:1: abyss_entry, grunt_decor_mini_mirrors, hangedman_tar_grid_catacomb,
          lemuel_freeze_loot_1
Depths:2: lemuel_minitomb, hell_entry, serial_bayou_lagoon_a, serial_shops,
          nicolae_shop_trees, infiniplex_staircase_pool_lava
Depths:3: grunt_deathspiral_small, hell_entry, grunt_pan_entry_spiral,
          spider_trap, infiniplex_staircase_9_rooms, uniq_enchantress,
          uniq_frederick
Depths:4: ragdoll_tomb_raider, minmay_misc_feat_tiny, abyss_entry,
          grunt_hell_entry_dis_old, kennysheep_cross_room, eino_tiny_chamber,
          uniq_jory
Depths:5: grunt_zot_entry_funnels, enter_ziggurat_d, hangedman_coc_ice_floe,
          nemelex_xobeh_ov_fountains_minmay, pan_entry
Zot:2:    st_single_dragon_hoard_2, hangedman_zot_wheel_spokes,
          hangedman_elemental_corridor, basic_stair_grate_trap
Zot:3:    kennysheep_blocky_room, grunt_megastairs_2
Zot:4:    basic_stair_grate_trap
Abyss:1:  evilmike_abyss_exit_9
Lab:      nicolae_lab_dead_adventurers
IceCv:    ice_cave_small_demon
Volcano:  volcano_grotto

Table legend:
 A = Turns spent in this place as a percentage of turns spent in the entire game.
 B = Non-inter-level travel turns spent in this place as a percentage of non-inter-level travel turns spent in the entire game.
 C = Inter-level travel turns spent in this place as a percentage of turns spent in this place.
 D = Turns resting spent in this place as a percentage of non-inter-level travel turns spent in this place.
 E = Turns spent auto-exploring this place as a percentage of non-inter-level travel turns spent in this place.
 F = Non-inter-level travel turns spent in this place divided by the number of levels of this place that you've seen.
                   A       B       C       D       E      F
               +-------+-------+-------+-------+-------+----------------------
         Total | 100.0 | 100.0 |   0.4 |   1.5 |   5.5 | 407.0
       Dungeon |  27.0 |  27.0 |   0.7 |   1.2 |   7.6 | 380.3
        Temple |   0.1 |   0.1 |   6.7 |   0.0 | 100.0 |  14.0
          Lair |  13.0 |  13.0 |   0.5 |   1.7 |   6.0 | 457.3
         Swamp |   7.9 |   7.9 |   0.2 |   2.5 |   2.9 | 418.2
   Spider Nest |   9.7 |   9.7 |   0.7 |   2.3 |   2.6 | 511.5
  Orcish Mines |   3.8 |   3.8 |   0.7 |   0.5 |   9.0 | 399.0
        Vaults |  15.1 |  15.1 |   0.3 |   0.7 |   9.1 | 639.4
        Depths |   8.6 |   8.6 |   0.3 |   0.3 |   4.0 | 363.0
           Zot |   6.1 |   6.1 |   0.0 |   2.4 |   0.0 | 258.2
         Abyss |   0.1 |   0.1 |   0.0 |   0.0 |   0.0 |  27.0
     Labyrinth |   0.9 |   0.9 |   0.0 |   0.0 |   0.0 | 194.0
      Ice Cave |   2.1 |   2.1 |   0.0 |   3.2 |   1.4 | 438.0
       Volcano |   1.4 |   1.4 |   0.0 |   7.0 |   0.0 | 299.0
    Desolation |   4.3 |   4.4 |   0.0 |   0.7 |   0.0 | 921.0
               +-------+-------+-------+-------+-------+----------------------

Table legend:
 A = Kills in this place as a percentage of kills in entire the game.
 B = Kills by you in this place as a percentage of kills by you in the entire game.
 C = Kills by friends in this place as a percentage of kills by friends in the entire game.
 D = Other kills in this place as a percentage of other kills in the entire game.
 E = Experience gained in this place as a percentage of experience gained in the entire game.
 F = Experience gained in this place divided by the number of levels of this place that you have seen.
                   A       B       C       D       E      F
               +-------+-------+-------+-------+-------+----------------------
         Total | 100.0 | 100.0 | 100.0 | 100.0 | 100.0 | 16843.3
       Dungeon |  24.1 |  25.4 | 100.0 |   9.4 |   7.2 | 4231.1
          Lair |  11.4 |  12.2 |   0.0 |   3.6 |   5.7 | 8287.0
         Swamp |   7.3 |   7.3 |   0.0 |   7.3 |   5.5 | 12057.8
   Spider Nest |  10.1 |   9.5 |   0.0 |  17.2 |   7.7 | 16819.0
  Orcish Mines |   6.1 |   6.2 |   0.0 |   5.7 |   1.7 | 7512.5
        Vaults |  20.6 |  19.3 |   0.0 |  33.3 |  28.6 | 50128.4
        Depths |  10.2 |  10.0 |   0.0 |  12.5 |  21.3 | 37290.2
           Zot |   3.4 |   3.4 |   0.0 |   2.6 |  15.1 | 26412.4
     Labyrinth |   0.0 |   0.1 |   0.0 |   0.0 |   0.1 | 1051.0
      Ice Cave |   1.6 |   1.6 |   0.0 |   1.6 |   1.0 | 8568.0
       Volcano |   0.9 |   1.0 |   0.0 |   0.0 |   0.5 | 4420.0
    Desolation |   4.4 |   4.1 |   0.0 |   6.8 |   5.6 | 48936.0
               +-------+-------+-------+-------+-------+----------------------
